[Event "Panchenko Memorial-A 2021"]
[Site "Chelyabinsk"]
[Date "2021.09.20"]
[Round "9.9"]
[White "Petrov, Nikita"]
[Black "Matinian, Nikita"]
[Result "0-1"]
[ECO "A40"]
[WhiteElo "2555"]
[BlackElo "2436"]
[Annotator "ChessBase"]
[PlyCount "104"]
[EventDate "2021.09.13"]
[EventType "swiss"]
[EventCountry "RUS"]
[SourceTitle "playchess.com"]
[Source "ChessBase"]
[SourceQuality "1"]
[TimeControl "5400+30"]

1. d4 g6 2. e4 d6 3. Nf3 Bg7 4. Be3 Nf6 5. Nc3 c6 6. Qd2 b5 7. Bh6 Bxh6 8. Qxh6 b4 9. Nd1 Nxe4 10. Bd3 Nf6 11. O-O Qb6 12. Re1 Rg8 13. Qf4 Be6 14. Ng5 Nbd7 15. Nxe6 Nd5 16. Qd2 fxe6 17. Rxe6 Rf8 18. Ne3 Nf4 19. Nc4 Qc7 20. Re3 Rb8 21. Rae1 Rf7 22. Bf1 Nb6 23. Nxb6 Rxb6 24. g3 Nd5 25. Re6 Kd8 26. Bc4 Rb7 27. Qg5 Rf5 28. Qh4 Rf7 29. Bf1 Nf6 30. Bh3 Qa5 31. Qf4 Qxa2 32. Rxd6+ exd6 33. Qxd6+ Nd7 34. Qxc6 Rb6 35. Qa8+ Kc7 36. Re5 Qa1+ 37. Kg2 Qa6 38. Bxd7 Rxd7 39. Qe4 Qb7 40. d5 Rbd6 41. Qf4 Kc8 42. Re8+ Rd8 43. Qxd6 Rxe8 44. c4 bxc3 45. bxc3 Qb6 46. Qf4 Qc5 47. c4 Rf8 48. Qg4+ Kc7 49. Qe2 Rc8 50. Qe5+ Kb7 51. Qg7+ Qc7 52. Qb2+ Ka8 0-1

[Event "Panchenko Memorial-A 2021"]
[Site "Chelyabinsk"]
[Date "2021.09.21"]
[Round "10.1"]
[White "Volkov, Sergey"]
[Black "Pridorozhni, Aleksei"]
[Result "1/2-1/2"]
[ECO "E92"]
[WhiteElo "2534"]
[BlackElo "2550"]
[Annotator "ChessBase"]
[PlyCount "43"]
[EventDate "2021.09.13"]
[EventType "swiss"]
[EventCountry "RUS"]
[SourceTitle "playchess.com"]
[Source "ChessBase"]
[SourceQuality "1"]
[TimeControl "5400+30"]

1. d4 Nf6 2. c4 g6 3. Nc3 Bg7 4. e4 d6 5. Nf3 O-O 6. Be2 e5 7. Be3 exd4 8. Nxd4 Re8 9. f3 c6 10. Bf2 d5 11. exd5 cxd5 12. O-O Nc6 13. c5 Nh5 14. Qd2 Be5 15. Rfe1 Nf4 16. Bf1 Qg5 17. Kh1 Bd7 18. Be3 Nxd4 19. Bxd4 Bxd4 20. Qxd4 Bc6 21. Qd2 Qf6 22. Rad1 1/2-1/2

[Event "Panchenko Memorial-A 2021"]
[Site "Chelyabinsk"]
[Date "2021.09.21"]
[Round "10.2"]
[White "Matinian, Nikita"]
[Black "Salemgareev, Tagir"]
[Result "1/2-1/2"]
[ECO "B52"]
[WhiteElo "2436"]
[BlackElo "2463"]
[Annotator "ChessBase"]
[PlyCount "53"]
[EventDate "2021.09.13"]
[EventType "swiss"]
[EventCountry "RUS"]
[SourceTitle "playchess.com"]
[Source "ChessBase"]
[SourceQuality "1"]
[TimeControl "5400+30"]

1. e4 c5 2. Nf3 d6 3. Bb5+ Bd7 4. Bxd7+ Nxd7 5. O-O Ngf6 6. Qe2 e6 7. c3 Be7 8. d4 O-O 9. e5 Ne8 10. Bf4 Rc8 11. Rd1 cxd4 12. cxd4 Nb6 13. Nc3 Nc7 14. Ne4 Ncd5 15. Bg5 Bxg5 16. Nfxg5 h6 17. Nf3 Nf4 18. Qb5 dxe5 19. dxe5 Qe7 20. g3 Ng6 21. h4 Rc4 22. Nd6 Rg4 23. Nh2 Qxh4 24. Nxg4 Qxg4 25. Re1 Nf4 26. Re4 Nbd5 27. Qc4 1/2-1/2

[Event "Panchenko Memorial-A 2021"]
[Site "Chelyabinsk"]
[Date "2021.09.21"]
[Round "10.8"]
[White "Lintchevski, Daniil"]
[Black "Maiorov, Nikita"]
[Result "1-0"]
[ECO "C45"]
[WhiteElo "2561"]
[BlackElo "2446"]
[Annotator "ChessBase"]
[PlyCount "89"]
[EventDate "2021.09.13"]
[EventType "swiss"]
[EventCountry "RUS"]
[SourceTitle "playchess.com"]
[Source "ChessBase"]
[SourceQuality "1"]
[TimeControl "5400+30"]

1. e4 e5 2. Nf3 Nc6 3. d4 exd4 4. Nxd4 Bc5 5. Nb3 Bb6 6. Nc3 d6 7. Bf4 a5 8. a4 Nf6 9. Qd2 O-O 10. O-O-O Be6 11. f3 Nb4 12. g4 d5 13. g5 Nh5 14. Be3 dxe4 15. Bxb6 cxb6 16. fxe4 Qc7 17. Qd6 Rac8 18. Qxc7 Rxc7 19. Nd4 Nf4 20. h4 Ng6 21. h5 Ne5 22. h6 g6 23. Be2 Re8 24. Rd2 Bg4 25. Ndb5 Rce7 26. Bxg4 Nxg4 27. b3 Ne5 28. Rf1 Rc8 29. Kb2 Rd7 30. Rxd7 Nxd7 31. Nd6 Rf8 32. Nd5 Nc6 33. Nxb7 Re8 34. Nd6 Re6 35. Rxf7 Rxd6 36. Rxd7 Rxd7 37. Nf6+ Kf7 38. Nxd7 Nd8 39. Nxb6 Ne6 40. Nc4 Nxg5 41. Nxa5 Nxe4 42. Nc4 g5 43. a5 g4 44. a6 g3 45. Ne3 1-0

[Event "Panchenko Memorial-A 2021"]
[Site "Chelyabinsk"]
[Date "2021.09.21"]
[Round "10.9"]
[White "Sivuk, Vitaly"]
[Black "Lazavik, Denis"]
[Result "1/2-1/2"]
[ECO "A06"]
[WhiteElo "2552"]
[BlackElo "2440"]
[Annotator "ChessBase"]
[PlyCount "105"]
[EventDate "2021.09.13"]
[EventType "swiss"]
[EventCountry "RUS"]
[SourceTitle "playchess.com"]
[Source "ChessBase"]
[SourceQuality "1"]
[TimeControl "5400+30"]

1. Nf3 d5 2. g3 g6 3. Bg2 Bg7 4. d4 Nf6 5. O-O O-O 6. c3 c6 7. Bf4 Bf5 8. a4 Qb6 9. Qc1 a5 10. Nbd2 Nbd7 11. Re1 c5 12. Ra3 Rac8 13. Nb3 Ne4 14. Be3 e5 15. dxc5 Nexc5 16. Qd1 Rfd8 17. Nfd2 Be6 18. Nxc5 Nxc5 19. Rb3 Qc7 20. Bxc5 Qxc5 21. Rxb7 d4 22. Nb3 Qc4 23. cxd4 Qxa4 24. d5 Bd7 25. Qd2 e4 26. Ra1 Qc4 27. Nxa5 Qc2 28. Qxc2 Rxc2 29. e3 f5 30. Bf1 Rxb2 31. Rxb2 Bxb2 32. Rb1 Bf6 33. Rb7 Be8 34. Bc4 Bf7 35. d6 Bxc4 36. Nxc4 Ra8 37. Rc7 Ra1+ 38. Kg2 Rd1 39. d7 Kf8 40. Rc8+ Kg7 41. Nb6 Kf7 42. h3 h5 43. Rb8 Rb1 44. h4 Be7 45. f4 Rd1 46. Kf2 Ke6 47. Ke2 Rd6 48. Kf1 Rd1+ 49. Kf2 Rd2+ 50. Ke1 Rd3 51. Ke2 Rd6 52. Re8 Kf7 53. Rb8 1/2-1/2